 Dungeon Crawl Stone Soup version 0.22-a0-271-gc000056 (webtiles) character file.

1640 matakusis the Thaumaturge (level 8, -8/36 HPs)
             Began as a Deep Elf Wizard on Mar 11, 2018.
             Was a Believer of Sif Muna.
             Mangled by a killer bee (10 damage)
             ... on level 8 of the Dungeon.
             The game lasted 00:47:21 (8215 turns).

matakusis the Thaumaturge (Deep Elf Wizard)         Turns: 8215, Time: 00:47:21

Health: -8/36      AC:  4    Str:  4    XL:     8   Next: 66%
Magic:  13/24      EV: 13    Int: 26    God:    Sif Muna [**....]
Gold:   486        SH:  0    Dex: 15    Spells: 13/27 levels left

rFire    . . .     SeeInvis +   p - +1 short sword (speed)
rCold    + . .     Gourm    .   (no shield)
rNeg     . . .     Faith    .   H - +0 robe {rC+}
rPois    .         Spirit   .   b - +1 hat
rElec    .         Reflect  .   z - scarf {cloud immunity}
rCorr    .         Harm     .   (no gloves)
MR       +....                  c - +0 pair of boots
Stlth    ++........             (no amulet)
HPRegen  0.12/turn              g - ring of protection from magic
MPRegen  0.19/turn              E - ring of see invisible

@: lethally poisoned (-8 -> -13)
A: agile 1, frail 1, wild magic 1, MP-powered wands
a: Divine Energy, Renounce Religion


You were on level 8 of the Dungeon.
You worshipped Sif Muna.
Sif Muna was pleased with you.
You were hungry.

You visited 2 branches of the dungeon, and saw 9 of its levels.
You also visited: Ossuary.

You collected 486 gold pieces.

Inventory:

Hand Weapons
 p - a +1 short sword of speed (weapon)
Missiles
 e - 2 curare-tipped needles
 o - 72 arrows
Armour
 b - a +1 hat (worn)
 c - a +0 pair of boots (worn)
 z - a scarf of cloud immunity (worn)
 H - a +0 robe of cold resistance (worn)
Jewellery
 g - a ring of protection from magic (left hand)
 A - an uncursed ring of fire
 E - a ring of see invisible (right hand)
Wands
 k - a wand of enslavement (18)
 w - a wand of random effects (15)
 y - a wand of polymorph (3)
Scrolls
 j - 2 scrolls of fog
 v - a scroll of enchant weapon
 x - a scroll of remove curse
 B - a scroll of fear
 F - a scroll of magic mapping
Potions
 f - a potion of magic
 i - 2 potions of invisibility
 l - 2 potions of haste
 m - 2 potions of curing
 n - 3 potions of cancellation
 q - a potion of heal wounds
 r - 2 potions of agility
 s - 3 potions of flight
 t - 2 potions of brilliance
 C - a potion of ambrosia {unknown}
 D - a potion of resistance
Comestibles
 d - 5 rations


   Skills:
 - Level 2.4 Dodging
 - Level 2.4 Stealth
 + Level 10.4 Spellcasting
 + Level 1.5 Conjurations
 + Level 1.0 Hexes
 + Level 8.5 Summonings
 - Level 1.1 Translocations
 * Level 2.5 Poison Magic


You had 13 spell levels left.
You knew the following spells:

 Your Spells              Type           Power        Failure   Level  Hunger
a - Magic Dart            Conj           ####         4%          1    None
b - Call Imp              Summ           ######..     1%          2    None
c - Blink                 Tloc           N/A          7%          2    None
d - Ensorcelled Hibernat  Hex/Ice        ###...       9%          2    None
e - Summon Guardian Gole  Hex/Summ       ######..     3%          3    None
f - Olgreb's Toxic Radia  Pois           ####....     22%         4    None


Dungeon Overview and Level Annotations

Branches:
Dungeon (8/15)             Temple (1/1) D:4
   Lair: D:8-11

Altars:
Ashenzari
Dithmenos
Elyvilon
Fedhas
Gozag
Kikubaaqudgha
Makhleb
Nemelex Xobeh
Okawaru
Qazlal
Ru
Sif Muna
Trog
Uskayaw
Vehumet
Wu Jian
Xom
Yredelemnul
Zin
The Shining One

Annotations:
D:8 Tovarisch's ghost, novice NaTm


Innate Abilities, Weirdness & Mutations

You are agile. (Dex +2)
You are frail. (-10% HP)
Your spells are a little harder to cast, but a little more powerful.
You expend magic power (3 MP) to strengthen your wands.


Message History

Casting: Call Imp (safe; 1% risk of failure)
Confirm with . or Enter, or press ? or * to list all spells.
A beastly little devil appears in a puff of flame.
Your crimson imp says, "I'm here!"
You feel sick.
Casting: Call Imp (safe; 1% risk of failure)
Confirm with . or Enter, or press ? or * to list all spells.
A beastly little devil appears in a puff of frigid air.
The killer bee stings your crimson imp.
Your crimson imp misses the killer bee.
Tovarisch's ghost (novice Naga Transmuter) comes into view.
Your white imp misses the killer bee.
Casting: Call Imp (safe; 1% risk of failure)
Confirm with . or Enter, or press ? or * to list all spells.
A guardian golem appears, shielding your allies.
The killer bee stings you.
* * * LOW HITPOINT WARNING * * *
You are lethally poisoned!
The killer bee poisons you!
Your crimson imp misses the killer bee.
The killer bee stings you!
You die...

.#
...####..
.# ....
...#
.###.##
.o...
###.....#
....<
#....W.#
#......#
#555...##
##.y...%..
#.@.8.....
###.>...##
.....#
.....#
.....#
######


You could see a killer bee, Tovarisch's ghost, a friendly guardian golem, 2
friendly crimson imps and a friendly white imp.

Vanquished Creatures
  A phantom (D:7)
  A killer bee (D:7)
  A howler monkey (D:4)
  2 centaur zombies (Ossuary)
  4 orc wizards
  A mummy (Ossuary)
  2 gnolls (D:6)
  A leopard gecko (D:6)
  4 orcs
  3 bats (D:1)
  A giant cockroach (D:3)
  A goblin (D:1)
  A hobgoblin (D:1)
  A jackal (D:4)
  A quokka (D:4)
  A goblin zombie (D:7)
  2 kobolds (D:1)
  3 rats
31 creatures vanquished.

Vanquished Creatures (collateral kills)
  Menkaure (D:7)
  Duvessa (D:5)
  3 orc warriors
  2 black bears
  2 ogres
  2 bullfrogs (D:7)
  Dowan (D:5)
  A killer bee (D:7)
  2 crimson imps
  A centaur zombie (Ossuary)
  4 jellies
  3 hounds
  6 human zombies (Ossuary)
  2 orc priests
  A centaur skeleton (D:6)
  8 orc wizards
  An iguana (D:4)
  6 worker ants
  A hound skeleton (D:6)
  2 mummies (Ossuary)
  A howler monkey skeleton (D:4)
  5 adders
  7 gnolls
  A shadow imp (D:5)
  2 adder zombies
  An adder skeleton (D:4)
  3 worms
  A dart slug (D:2)
  2 leopard geckos
  18 orcs
  3 giant cockroaches
  7 goblins
  4 hobgoblins
  5 jackals
  2 quokkas
  3 ball pythons
  3 bats
  2 frilled lizards
  A jackal zombie (D:5)
  3 kobolds
  A leopard gecko skeleton (D:7)
  4 rats
  A rat zombie (D:7)
130 creatures vanquished.

Vanquished Creatures (others)
  2 elf zombies (Ossuary)
  A gnoll sergeant (D:6)
  A human zombie (Ossuary)
  An orc wizard (D:7)
5 creatures vanquished.

Grand Total: 166 creatures vanquished

Notes
Turn   | Place    | Note
-------+----------+-------------------------------------------
     0 | D:1      | matakusis the Deep Elf Wizard began the quest for the Orb.
     0 | D:1      | Reached XP level 1. HP: 10/10 MP: 7/7
   218 | D:1      | Reached skill level 5 in Spellcasting
   395 | D:1      | Reached XP level 2. HP: 15/15 MP: 8/10
   405 | D:1      | Learned a level 2 spell: Call Imp
   408 | D:1      | Learned a level 2 spell: Blink
   833 | D:2      | Found a white marble altar of Elyvilon.
  1077 | D:2      | Reached XP level 3. HP: 19/19 MP: 2/12
  1828 | D:3      | Found a burning altar of Makhleb.
  1834 | D:3      | Reached XP level 4. HP: 24/24 MP: 11/13
  2646 | D:4      | Found a radiant altar of Vehumet.
  2673 | D:4      | Reached skill level 6 in Spellcasting
  2708 | D:4      | Reached XP level 5. HP: 26/28 MP: 7/15
  2796 | D:4      | Found a staircase to the Ecumenical Temple.
  2812 | Temple   | Entered the Ecumenical Temple
  3308 | D:4      | Found a deep blue altar of Sif Muna.
  3308 | D:4      | Found a stormy altar of Qazlal.
  3323 | D:4      | Became a worshipper of Sif Muna the Loreminder
  4087 | D:4      | You fall through a shaft for 3 floors!
  4094 | D:7      | Noticed a black bear
  4122 | D:7      | Noticed Menkaure
  4146 | D:7      | Killed Menkaure
  4146 | D:7      | Reached skill level 5 in Summonings
  4146 | D:7      | Reached XP level 6. HP: 11/32 MP: 3/17
  4313 | D:7      | Found a sand-covered staircase.
  4321 | Ossuary  | Entered an ossuary
  4352 | Ossuary  | Identified a scroll of acquirement
  4352 | Ossuary  | Identified the Reference Book on Malediction (You acquired it in an ossuary)
  4359 | Ossuary  | Learned a level 2 spell: Ensorcelled Hibernation
  4363 | Ossuary  | Learned a level 3 spell: Summon Guardian Golem
  4444 | Ossuary  | Reached skill level 7 in Spellcasting
  4973 | Ossuary  | Reached * piety under Sif Muna
  4980 | Ossuary  | Reached XP level 7. HP: 36/36 MP: 8/19
  5423 | D:5      | Entered Level 5 of the Dungeon
  5528 | D:5      | Gained mutation: You are frail. (-10% HP) [potion of mutation]
  5528 | D:5      | Gained mutation: Your spells are a little harder to cast, but a little more powerful. [potion of mutation]
  5528 | D:5      | Gained mutation: You expend magic power (3 MP) to strengthen your wands. [potion of mutation]
  5528 | D:5      | Gained mutation: You are agile. (Dex +2) [potion of mutation]
  5608 | D:5      | Noticed Dowan
  5616 | D:5      | Noticed Duvessa
  5655 | D:5      | Killed Duvessa
  5655 | D:5      | Reached skill level 8 in Spellcasting
  5661 | D:5      | Killed Dowan
  5974 | D:5      | Found a shattered altar of Ashenzari.
  6111 | D:5      | Learned a level 4 spell: Olgreb's Toxic Radiance
  6437 | D:6      | Reached ** piety under Sif Muna
  6749 | D:6      | Reached XP level 8. HP: 36/36 MP: 14/22
  6781 | D:6      | Reached skill level 1 in Poison Magic
  6786 | D:6      | Reached skill level 9 in Spellcasting
  6990 | D:6      | Reached skill level 1 in Hexes
  7268 | D:6      | Found an opulent altar of Gozag.
  7719 | D:7      | Reached skill level 10 in Spellcasting
  8093 | D:7      | Found a sacrificial altar of Ru.
  8214 | D:8      | Noticed Tovarisch's ghost (novice NaTm)
  8215 | D:8      | Mangled by a killer bee

Vault maps used:
D:1:      sevenhm_arrival_forest_fort_small_3, kennysheep_pointless_box
D:2:      elyvilon_altar_3, first_ration, kennysheep_generic_room_2
D:3:      makhleb_heckhound_becter
D:4:      vehumet_crystals, gammafunk_temple_overflow_statue,
          minmay_temple_entry_glass
D:5:      kennysheep_little_box, uniq_duvessa
D:6:      nicolae_gozag_seed_capital
D:7:      kennysheep_mini, enter_ossuary_4, uniq_menkaure
D:8:      nicolae_overflow_crystal_walls, lemuel_doored_altar, uniq_erica
Temple:   minmay_temple_forest_path
Ossuary:  ossuary_minmay_four_chambers

Skill      XL: |  1  2  3  4  5  6  7  8 |
---------------+-------------------------+-----
Spellcasting   | 5 6 7 8 10 | 10.4
Summonings     | 3 5 6 7 8 |  8.5
Poison Magic   | 2 |  2.5
Hexes          | 1 |  1.0
Dodging        | |  2.4
Stealth        | |  2.4
Conjurations   | |  1.5
Translocations | |  1.1

Action                   |  1- 3 |  4- 6 |  7- 9 || total
-------------------------+-------+-------+-------++-------
Melee: Short sword       |     5 |    83 |    65 ||   153
 Cast: Magic Dart        |    23 |       |     7 ||    30
       Call Imp          |    41 |    77 |   106 ||   224
       Summon Guardian G |       |     5 |    10 ||    15
       Ensorcelled Hiber |       |       |     1 ||     1
       Olgreb's Toxic Ra |       |       |     3 ||     3
  Use: Scroll            |    10 |     8 |     3 ||    21
       Potion            |     4 |     2 |     4 ||    10
 Stab: Distracted        |     1 |     1 |       ||     2
  Eat: Chunk             |     3 |     7 |     8 ||    18
       Ration            |       |     1 |       ||     1
Armor: Robe              |     9 |    22 |    18 ||    49
Dodge: Dodged            |    38 |    35 |    66 ||   139

Table legend:
 A = Spawn XP
 B = Non-spawn XP
 C = Spawn XP percentage of total XP
 D = Spawn monster count
 E = Non-spawn monster count
 F = Spawn count percentage of total count
 G = Total turns spent on level
                    A         B        C        D         E        F      G
               +---------+---------+-------+---------+---------+-------+---------
         Total |       0 |    2343 |   0.0 |       0 |     166 |   0.0 |  8215
               +---------+---------+-------+---------+---------+-------+---------
           D:1 |       0 |      14 |   0.0 |       0 |      10 |   0.0 |   685
           D:2 |       0 |      35 |   0.0 |       0 |      20 |   0.0 |   823
           D:3 |       0 |      86 |   0.0 |       0 |      27 |   0.0 |  1115
           D:4 |       0 |     193 |   0.0 |       0 |      18 |   0.0 |  1084
           D:5 |       0 |     250 |   0.0 |       0 |      13 |   0.0 |   906
           D:6 |       0 |     648 |   0.0 |       0 |      32 |   0.0 |  1310
           D:7 |       0 |     776 |   0.0 |       0 |      30 |   0.0 |  1137
           D:8 |       0 |      20 |   0.0 |       0 |       1 |   0.0 |    35
       Ossuary |       0 |     321 |   0.0 |       0 |      15 |   0.0 |   737
               +---------+---------+-------+---------+---------+-------+---------
